 Dungeon Crawl Stone Soup version 0.24.0-37-gcf1ca852f1 (webtiles) character file.

Game seed: 5751087379328273089, levelgen mode: deterministic

847 CrPA the Chopper (level 7, -2/62 HPs)
             Began as a Minotaur Fighter on Nov 27, 2019.
             Killed from afar by a starcursed mass (5 damage)
             ... with an accursed screaming
             ... on level 4 of the Dungeon.
             The game lasted 00:03:51 (2534 turns).

CrPA the Chopper (Minotaur Fighter)                 Turns: 2534, Time: 00:03:52

Health: -2/62      AC: 11    Str: 28    XL:     7   Next: 68%
Magic:  6/6        EV:  6    Int:  5    God:
Gold:   181        SH: 11    Dex:  9    Spells: 6/6 levels left

rFire    . . .     SeeInvis .   a - +0 war axe
rCold    . . .     Gourm    .   c - +0 shield
rNeg     . . .     Faith    .   h - +0 chain mail
rPois    .         Spirit   .   (helmet restricted)
rElec    .         Reflect  .   (no cloak)
rCorr    .         Harm     .   (no gloves)
MR       .....                  p - +0 pair of boots
Stlth    ..........             (no amulet)
HPRegen  0.20/turn              (no ring)
MPRegen  0.10/turn              (no ring)

@: mighty, hasted, very quick
A: retaliatory headbutt, horns 2
a: no special abilities


You were on level 4 of the Dungeon.
You were hungry.

You visited 1 branch of the dungeon, and saw 4 of its levels.
You visited the Abyss 1 time.

You collected 181 gold pieces.

Inventory:

Hand Weapons
 a - a +0 war axe (weapon)
Armour
 c - a +0 shield (worn)
 h - a +0 chain mail (worn)
 p - a +0 pair of boots (worn)
Jewellery
 j - a +5 amulet of reflection {unknown}
 l - an uncursed amulet of rage {unknown}
Scrolls
 e - a scroll of enchant weapon {unknown}
 i - 4 scrolls of identify {unknown}
 k - 3 scrolls of teleportation
 r - a scroll of amnesia {unknown}
 s - 2 scrolls of fog {unknown}
Potions
 g - a potion of invisibility
 n - a potion of curing {unknown}
 o - a potion of heal wounds {unknown}
Comestibles
 f - 7 rations
 q - 3 chunks of flesh


   Skills:
 + Level 5.9 Fighting
 * Level 7.0 Axes
 + Level 5.9 Armour
 + Level 5.8 Shields


You had 6 spell levels left.
You didn't know any spells.
Your spell library was empty.

Dungeon Overview and Level Annotations

Branches:
Dungeon (4/15)
 Temple: D:4-7

Altars:
Elyvilon


Innate Abilities, Weirdness & Mutations

You reflexively headbutt those who attack you in melee.
You have a pair of horns on your head.


Message History

The starcursed mass engulfs you but does no damage.
You pass through the gate.
Welcome back to the Dungeon!
A phantom comes into view.
The orc hits you with a +2 flail of distortion.
* * * LOW HITPOINT WARNING * * *
Space bends around you.
* * * LOW HITPOINT WARNING * * *
The adder skeleton bites you but does no damage.
It was a potion of magic.
Magic courses through your body.
A starcursed mass splits.
You block the adder skeleton's attack. The orc closely misses you.
You furiously retaliate!
You headbutt the orc!
You kill the orc!
Some of the chunks of flesh in your inventory have rotted away.
It was a potion of haste.
You feel yourself speed up. You block the phantom's attack.
The starcursed mass engulfs you but does no damage.
The adder skeleton bites you but does no damage.
A chorus of shrieks assaults your mind.
You die...

..# ..## ...#
.. ♣ ...# ...
.♣...#
...♣♣♣♣♣....#
........W...#
#.......@Z..#
#..[..X.).##
###....X.##
#.####'###
#........#
#........#
#........#
#........#
..........#


You could see 2 starcursed masses, a phantom and an adder skeleton.

Vanquished Creatures
  A starcursed mass (Abyss:1)
  Sigmund (D:3)
  A worker ant (D:3)
  4 gnolls (D:3)
  3 adders
  An ooze (D:3)
  2 worms (D:3)
  4 dart slugs
  2 leopard geckos
  An orc (D:4)
  2 ball pythons
  2 giant cockroaches
  12 goblins
  7 hobgoblins
  15 jackals
  8 kobolds
  2 quokkas (D:3)
  9 bats
  11 frilled lizards
  12 rats
100 creatures vanquished.

Notes
Turn   | Place    | Note
-------+----------+-------------------------------------------
     0 | D:1      | CrPA the Minotaur Fighter began the quest for the Orb.
     0 | D:1      | Reached XP level 1. HP: 19/19 MP: 0/0
   125 | D:1      | Reached XP level 2. HP: 27/27 MP: 1/1
   215 | D:1      | Reached skill level 3 in Axes
   509 | D:1      | Reached XP level 3. HP: 30/33 MP: 2/2
  1016 | D:2      | Found a white marble altar of Elyvilon.
  1212 | D:2      | Reached XP level 4. HP: 40/40 MP: 3/3
  1405 | D:3      | Reached skill level 4 in Axes
  1728 | D:3      | Noticed Sigmund
  1746 | D:3      | Killed Sigmund
  1746 | D:3      | Reached skill level 5 in Fighting
  1746 | D:3      | Reached skill level 5 in Axes
  1746 | D:3      | Reached XP level 5. HP: 24/48 MP: 4/4
  1746 | D:3      | Reached XP level 6. HP: 28/56 MP: 5/5
  2329 | D:3      | Reached skill level 5 in Armour
  2365 | D:3      | Reached skill level 5 in Shields
  2440 | D:4      | Cast into level 1 of the Abyss (orc)
  2510 | Abyss:1  | Noticed a starcursed mass
  2515 | Abyss:1  | Paralysed by accursed screaming for 1 turns
  2530 | Abyss:1  | Killed a starcursed mass
  2530 | Abyss:1  | Reached skill level 7 in Axes
  2530 | Abyss:1  | Reached XP level 7. HP: 13/62 MP: 6/6
  2532 | D:4      | Escaped the Abyss
  2532 | D:4      | HP: 2/62 [orc/+2 flail of distortion (5)]
  2534 | D:4      | Killed from afar by a starcursed mass

Levels and vault maps discovered:
D:1:      lemuel_arrival_behind_the_door_large, layout_basic, st_stairs_5
D:2:      layout_basic, serial_bayou_pond_b, elyvilon_altar_4
D:3:      minmay_octagon_keep, layout_rooms, first_ration, uniq_sigmund
D:4:      layout_gridville, minmay_temple_entry_water_ring,
          hangedman_decor_lopped, corexii_hall_statues_deadend,
          kennysheep_potato, uniq_grinder

Skill      XL: |  1  2  3  4  5  6 |
---------------+-------------------+-----
Axes           | 3 5 7 |  7.0
Fighting       | 4 5 |  5.9
Armour         | 4 5 |  5.9
Shields        | 4 5 |  5.8

Action                   |  1- 3 |  4- 6 |  7- 9 || total
-------------------------+-------+-------+-------++-------
Melee: War axe           |   141 |   114 |       ||   255
       Headbutt          |    14 |    25 |       ||    39
  Use: Potion            |       |     1 |     2 ||     3
       Scroll            |       |     1 |       ||     1
  Eat: Chunk             |     1 |     4 |       ||     5
Armor: Scale mail        |     2 |       |       ||     2
       Chain mail        |   128 |    71 |     4 ||   203
Dodge: Dodged            |    32 |    28 |     1 ||    61
Block: Shield            |   100 |    82 |     2 ||   184
